 Dungeon Crawl Stone Soup version 0.28.0 (webtiles) character file.

Game seed: 10861436542866829100

3 sanka the Magician (level 1, 0/11 HPs)
             Began as a Deep Elf Transmuter on Feb 8, 2022.
             Succumbed to a goblin's poison
             ... on level 1 of the Dungeon.
             The game lasted 00:00:31 (346 turns).

sanka the Magician (Deep Elf Transmuter)             Turns: 346, Time: 00:00:31

Health: 0/11       AC:  3    Str:  7    XL:     1   Next: 41%
Magic:  6/6        EV: 12    Int: 17    God:
Gold:   23         SH:  0    Dex: 15    Spells: 5/6 levels left

rFire   . . .      SeeInvis .     - Unarmed
rCold   . . .      Faith    .   (no shield)
rNeg    . . .      Spirit   .   a - +0 robe
rPois   .          Reflect  .   (helmet currently unavailable)
rElec   .          Harm     .   c - +0 cloak
rCorr   .          Rampage  .   (no gloves)
Will    .....                   (boots currently unavailable)
Stlth   +.........              (no amulet)
HPRegen 0.03/turn               (no ring)
MPRegen 0.10/turn               (no ring)

@: lethally poisoned (0 -> -1), appendages
A: horns 2, talons 2
a: End Transformation


You were on level 1 of the Dungeon.
You had temporarily grown beastly horns and talons.
You visited 1 branch of the dungeon, and saw 1 of its levels.

You collected 23 gold pieces.

Inventory:

Armour
 a - a +0 robe (worn)
 c - a +0 cloak (worn)
Potions
 b - a potion of invisibility {unknown}


   Skills:
 - Level 0.7 Fighting
 - Level 2.4 Dodging
 - Level 2.4 Unarmed Combat
 + Level 3.4 Spellcasting
 - Level 2.1 Transmutations


You had 5 spell levels left.
You knew the following spells:

 Your Spells              Type           Power      Damage    Failure   Level
a - Beastly Appendage     Tmut           20%        N/A       7%          1

Your spell library contained the following spells:

 Spells                   Type           Power      Damage    Failure   Level
 Wereblood                Tmut           10%        N/A       11%         2
 Spider Form              Tmut/Pois      6%         N/A       32%         3
 Ice Form                 Ice/Tmut       6%         N/A       71%         4


Dungeon Overview and Level Annotations

Branches:
Dungeon (1/15)

Altars:


Innate Abilities, Weirdness & Mutations

You have temporarily grown beastly horns and talons.


Message History

a +0 dagger; 3 stones You now have 23 gold pieces (gained 8).
Your horns disappear.
Your talons disappear.
You enter the shallow water.
Moving in this stuff is going to be slow.
Found 20 bolts.
A goblin comes into view. It is wielding a +1 dagger of venom.
A goblin is nearby!
You enter the shallow water.
Moving in this stuff is going to be slow.
The goblin shouts!
A bat comes into view.
The bat closely misses you. The bat hits you but does no damage.
You see here a scroll labelled BOWNEP VYNE.
You grow a pair of large bovine horns.
Your feet morph into talons.
The bat closely misses you.
You miss the bat. Your kick misses the bat. The bat closely misses you.
The goblin hits you but does no damage.
You completely miss the goblin.
The goblin hits you with a +1 dagger of venom.
You are poisoned.
You closely miss the bat.
You feel sick. The bat hits you but does no damage.
The goblin barely misses you.
You hit the goblin.
You kill the goblin!
You hear a splash.
You feel sick. The bat hits you but does no damage.
You feel sick. The bat closely misses you.
You hit the bat. Your headbutt misses the bat.
The bat is heavily wounded.
You feel sick. The bat hits you but does no damage.
* * * LOW HITPOINT WARNING * * *
You feel sick. The bat hits you but does no damage.
You hit the bat but do no damage.
The bat is heavily wounded.
* * * LOW HITPOINT WARNING * * *
You feel sick. The bat hits you.
* * * LOW HITPOINT WARNING * * *
You die...

#################
#...............#######
####.....@...#####.#......
.....####.#.#........#..#
#.##..##?......##...#.##.#
#.....≈)≈......≈......≈.≈.
#.≈≈≈≈≈≈≈≈≈b≈≈.≈≈≈≈≈≈≈≈≈≈≈
#.≈≈♣♣♣≈.≈♣♣♣≈≈≈♣♣♣≈.≈♣♣♣≈
#.. ♣≈.≈♣ ♣≈≈≈♣ ♣≈.≈♣ ♣≈
#. ♣≈≈≈♣ ♣≈.≈♣ ♣≈≈≈♣♣♣≈ #
≈≈≈≈≈≈ ≈≈≈≈≈≈≈≈≈≈≈≈≈≈


You could see a bat.

Vanquished Creatures
  A goblin (D:1)
  2 kobolds (D:1)
  A rat (D:1)
4 creatures vanquished.

Notes
Turn   | Place    | Note
-------+----------+-------------------------------------------
     0 | D:1      | sanka the Deep Elf Transmuter began the quest for the Orb.
     0 | D:1      | Reached XP level 1. HP: 11/11 MP: 6/6
   346 | D:1      | Succumbed to a goblin's poison

Illustrated notes

Levels and vault maps discovered:
D:1:      co_arrival_random_square_maze, layout_loops_corners,
          shapermc_ecumenical_altar_acropolis, kennysheep_boxes

Action                   || total
-------------------------++-------
Melee: Unarmed           ||    13
       Kick              ||     2
 Cast: Beastly Appendage ||     4
Armor: Robe              ||     7
Dodge: Dodged            ||     7
